 Dungeon Crawl Stone Soup version 0.29.1-1-gd02db6906a (webtiles) character file.

Game seed: 1727047425857164458

47 hawla the Firebug (level 4, -5/33 HPs)
             Began as a Meteoran Fire Elementalist on Oct 6, 2022.
             Killed from afar by a white imp (12 damage)
             ... with a puff of frost
             ... summoned by Natasha
             ... on level 2 of the Dungeon.
             The game lasted 00:04:26 (1056 turns).

hawla the Firebug (Meteoran Fire Elementalist)      Turns: 1056, Time: 00:04:26

Health: -5/33      AC:  2    Str: 10    XL:     4   Next: 17%
Magic:  0/10       EV: 12    Int: 18    God:
Gold:   16         SH:  0    Dex: 14    Spells: 2/9 levels left

rFire   . . .      SeeInvis .   (no weapon)
rCold   . . .      Faith    .   (no shield)
rNeg    . . .      Spirit   .   a - +0 robe
rPois   .          Reflect  .   (no helmet)
rElec   .          Harm     .   (no cloak)
rCorr   .          Rampage  .   (no gloves)
Will    .....                   (no boots)
Stlth   +.........              (no amulet)
HPRegen 0.11/turn               (no ring)
MPRegen 0.12/turn               (no ring)

@: very slightly contaminated, glowing
A: sense surroundings 1, otherworldly, glowing, explore regen
a: no special abilities


You were on level 2 of the Dungeon.
You visited 1 branch of the dungeon, and saw 3 of its levels.

You collected 64 gold pieces.
You spent 48 gold pieces at shops.

Inventory:

Armour
 a - a +0 robe (worn)
Potions
 b - a potion of magic
 c - a potion of might
 d - 2 potions of brilliance {unknown}
 e - a potion of haste
 f - a potion of heal wounds
 h - a potion of curing
 i - 2 potions of mutation {unknown}


   Skills:
 - Level 2.6 Dodging
 - Level 1.4 Stealth
 - Level 3.4 Spellcasting
 * Level 1.7 Conjurations
 + Level 4.7 Fire Magic


You had 2 spell levels left.
You knew the following spells:

 Your Spells              Type           Power      Damage    Failure   Level
a - Foxfire               Conj/Fire      56%        2x1d6     4%          1
b - Scorch                Fire           40%        2d7       3%          2
c - Flame Wave            Conj/Fire      14%        2d6       38%         4

Your spell library contained the following spells:

 Spells                   Type           Power      Damage    Failure   Level
 Conjure Flame            Conj/Fire      14%        6-21      12%         3
 Inner Flame              Hex/Fire       11%        N/A       19%         3


Dungeon Overview and Level Annotations

Branches:
Dungeon (3/15) Zot: 687

Altars:

Shops:
D:3 !

Annotations:
D:2 Natasha
D:3 Sigmund


Innate Abilities, Weirdness & Mutations

You passively map a small area around you.
You are easily found by Zot.
You glow in the dark.
You regain HP and MP as you explore.


Message History

There is a stone staircase leading down here.
Casting: Flame Wave (extremely dangerous; 38% risk of failure)
Confirm with . or Enter, or press ? or * to list all spells.
The spell is extremely dangerous to miscast (38% risk of failure)!
Continue anyway?
Casting: Flame Wave (extremely dangerous; 38% risk of failure)
Press: ? - help, Dir - look around, f - activate You miscast Flame Wave.
You are very lightly contaminated with residual magic.
Sparks fly from your hands. The bat hits you but does no damage.
Natasha claws you.
Unknown command.
As you read the scroll labelled POKOTREOFAS, it crumbles to dust.
Your body is wracked with pain!
* * * LOW HITPOINT WARNING * * *
Natasha convulses!
The bat convulses!
It was a scroll of torment.
The bat closely misses you.
Natasha mumbles some strange words.
Natasha attacks as you move away! Natasha claws you but does no damage.
The bat hits you but does no damage. x2; Natasha closely misses you.
The bat hits you.
* * * LOW HITPOINT WARNING * * *
Casting: Flame Wave (extremely dangerous; 38% risk of failure)
Confirm with . or Enter, or press ? or * to list all spells.
You conjure some foxfire!
The bat closely misses you. Natasha barely misses you.
Natasha attacks as you move away! Natasha closely misses you.
The foxfire hits Natasha.
Natasha is severely wounded.
The foxfire hits Natasha.
Natasha is almost dead.
You enter the shallow water.
Moving in this stuff is going to be slow.
The bat barely misses you. The bat attacks as you move away!
The bat closely misses you. The bat hits you but does no damage.
The bat attacks as you move away! The bat hits you but does no damage.
The bat closely misses you.
Natasha mumbles some strange words.
The white imp gestures at you. The puff of frost hits you!
You die...

#.# #.# #.# #.# ######## #.#
#.# #....... #.# #.#
#.###### #.# #.# #.#
####.###########.# #.#
#..........>#....# #.#
#.....≈...#.#.#### #.#
#...#≈≈≈#.#@#.#######.#
#.....≈~~~..≈55.......# *
#.......~~≈bh≈..>...########
#....##.#....~~~##......##..
*
##.#.####....)..##..###.##.#
#.#............##..# #.##.#
#.#######...(<.##..# #.##.#
#..............##..# #.##.#
#########....<.##..# #.#...


You could see Natasha, a crimson imp (summoned), a white imp (summoned) and a
bat.

Vanquished Creatures
  An adder (D:3)
  2 dart slugs
  10 endoplasms
  2 giant cockroaches (D:1)
  6 goblins
  A ball python (D:1)
  A bat (D:2)
  2 frilled lizards
  3 kobolds
  3 rats (D:1)
31 creatures vanquished.

Vanquished Creatures (others)
  60 foxfires
60 creatures vanquished.

Grand Total: 91 creatures vanquished

Notes
Turn   | Place    | Note
-------+----------+-------------------------------------------
     0 | D:1      | hawla the Meteoran Fire Elementalist began the quest for
                  | the Orb.
     0 | D:1      | Reached XP level 1. HP: 14/14 MP: 5/5
    76 | D:1      | Reached XP level 2. HP: 10/20 MP: 3/6
    92 | D:1      | Reached skill level 4 in Fire Magic
   216 | D:1      | Reached XP level 3. HP: 26/26 MP: 4/8
   411 | D:1      | Learned a level 2 spell: Scorch
   500 | D:1      | Glimpsed the power of Zot.
   979 | D:3      | Found Feallal's Distillery.
   987 | D:3      | Bought a potion of might for 48 gold pieces
  1026 | D:3      | Reached XP level 4. HP: 32/33 MP: 6/10
  1026 | D:3      | Noticed Sigmund
  1027 | D:3      | Noticed Natasha
  1032 | D:3      | Learned a level 4 spell: Flame Wave
  1056 | D:2      | Killed from afar by a white imp

Illustrated notes

Levels and vault maps discovered:
D:1:      matt_arrival_spirals, layout_basic,
          shapermc_ecumenical_altar_mp_urbaneastern
D:2:      layout_basic, serial_rivers, chequers_serial_rivers_small_b,
          chequers_serial_rivers_small_a, chequers_serial_rivers_micro_b,
          chequers_serial_rivers_micro_e, chequers_serial_rivers_room_b,
          chequers_serial_rivers_large_b, minmay_misc_feat_alley
D:3:      layout_loops_ring, okawaru_ov_weapons_minmay, serial_shops, shop,
          uniq_natasha, uniq_grinder, uniq_robin, uniq_sigmund

Skill      XL: |  1  2 |
---------------+-------+-----
Spellcasting   | 3 |  3.4
Fire Magic     | 4 |  4.7
Dodging        | |  2.6
Stealth        | |  1.4
Conjurations   | |  1.7

Action                   |  1- 3 |  4- 6 || total
-------------------------+-------+-------++-------
Melee: Unarmed           |    15 |       ||    15
 Cast: Foxfire           |    38 |     1 ||    39
       Scorch            |     4 |     1 ||     5
  Use: Scroll            |     3 |     1 ||     4
Armor: Robe              |     2 |    14 ||    16
Dodge: Dodged            |    11 |    16 ||    27
